 Dungeon Crawl Stone Soup version 0.19-a0-811-gf4045fb (webtiles) character file.

2774 Arkorax the Fighter (level 9, -18/75 HPs)
             Began as a Mummy Fighter on June 27, 2016.
             Was an Initiate of Gozag.
             Demolished by a cyclops (28 damage)
             ... on level 11 of the Dungeon on June 28, 2016.
             The game lasted 00:12:58 (17317 turns).

Arkorax the Fighter (Mummy Fighter)                Turns: 17317, Time: 00:12:59

Health: -18/75     AC: 13    Str: 22    XL:     9   Next: 42%
Magic:  9/9        EV:  6    Int:  7    God:    Gozag
Gold:   613        SH: 10    Dex: 15    Spells: 0 memorised, 8 levels left

rFire  x . .     SeeInvis .     B - +1 war axe (vamp)
rCold  + . .     Gourm    .     C - +0 plate armour
rNeg   + + +     Faith    .     c - +0 shield
rPois  ∞         Spirit   .     x - +0 helmet
rElec  .         Dismiss  .     (no cloak)
rCorr  .         Reflect  .     k - +0 pair of gloves {Dex+3}
SustAt .         Harm     .     (no boots)
MR     +....                    (no amulet)
Stlth  ..........               (no ring)
                                z - +2 ring of evasion

@: somewhat resistant to hostile enchantments, extremely unstealthy
A: no food or potions, fire vulnerability, cold resistance 1, negative energy
resistance 3, torment resistance, unbreathing
a: Potion Petition, Call Merchant, Bribe Branch, Renounce Religion


You were on level 11 of the Dungeon.
You worshipped Gozag.
Gozag was noncommittal.
You were not hungry.

You visited 2 branches of the dungeon, and saw 10 of its levels.

You collected 722 gold pieces.
You paid 109 gold pieces to Gozag.

Inventory:

Hand Weapons
 a - a +0 war axe
 g - a +2 dagger of venom
 o - a +2 hand axe of draining
 y - a +1 whip of flaming
 B - a +1 vampiric war axe (weapon)
Missiles
 h - a throwing net (quivered)
 n - 6 javelins
 p - a tomahawk of returning
Armour
 b - a +0 scale mail
 c - a +0 shield (worn)
 k - a +0 pair of gloves of dexterity (worn)
 x - a +0 helmet (worn)
 C - a +0 plate armour (worn)
Jewellery
 z - a +2 ring of evasion (left hand)
 A - an uncursed amulet of the gourmand {unknown}
Wands
 t - a wand of acid (9/15)
 u - a wand of slowing (36/48)
 v - a wand of enslavement (11/24)
Scrolls
 d - 3 scrolls of teleportation {unknown}
 e - 4 scrolls of enchant armour {unknown}
 f - 10 scrolls of identify {unknown}
 i - a scroll of magic mapping {unknown}
 j - 2 scrolls of remove curse {unknown}
 l - 3 scrolls of recharging {unknown}
 m - a scroll of amnesia {unknown}
 q - a scroll of blinking {unknown}
 r - a scroll of noise {unknown}
 s - a scroll of enchant weapon {unknown}
 w - a scroll of fear {unknown}


   Skills:
 * Level 8.7 Fighting
 * Level 7.2 Axes
 - Level 2.4 Armour
 + Level 5.3 Shields


You had 8 spell levels left.
You didn't know any spells.

Dungeon Overview and Level Annotations

Branches:
Dungeon (8/15)             Temple (1/1) D:6
   Lair: D:8-11

Altars:
Ashenzari
Elyvilon
Gozag
Hepliaklqana
Kikubaaqudgha
Ru
Sif Muna
Uskayaw
Vehumet
Xom
Yredelemnul
The Shining One

Annotations:
D:3 Sigmund
D:5 Dowan, Duvessa


Innate Abilities, Weirdness & Mutations

You do not eat or drink.
Your flesh is vulnerable to fire.
You are immune to poison.
Your flesh is cold resistant. (rC+)
You are immune to negative energy. (rN+++)
You are immune to unholy pain and torment.
You can survive without breathing.


Message History

The cyclops is heavily wounded.
You hit the cyclops but do no damage.
The cyclops is heavily wounded.
The cyclops hits you!!
You slash the cyclops!
The cyclops is severely wounded.
The cyclops barely misses you.
You hit the cyclops.
You feel better.
The cyclops is severely wounded.
The cyclops hits you!!
* * * LOW HITPOINT WARNING * * *
You are too injured to fight recklessly!
You are too injured to fight recklessly!
You are too injured to fight recklessly!
You are too injured to fight recklessly!
You hit the cyclops but do no damage.
The cyclops is severely wounded.
The cyclops hits you!!
You die...
Your body crumbles into a pile of gold.

#..# #.#
....# #.#
.##..#
#.# .
#..# #.#
#.. #.#
#.# # #.#
#..####(#
#....C@.#
#...###.#
..... #.#
..C. #.#
### #.#
#.# #.#
.#


You could see a cyclops.

Vanquished Creatures
  Pikel (D:7)
  A hippogriff (D:7)
  Menkaure (D:6)
  An orc warrior (D:11)
  A phantom (D:4)
  A black bear (D:11)
  A necrophage (D:7)
  A centaur (D:11)
  3 giant frogs
  2 scorpions
  4 killer bees (D:7)
  3 wights (D:7)
  A howler monkey (D:7)
  A wasp zombie (D:11)
  A crimson imp (D:7)
  A giant frog zombie (D:6)
  3 hounds
  A jelly (D:8)
  A giant frog skeleton (D:4)
  4 orc priests
  2 centaur skeletons (D:6)
  An iguana (D:6)
  6 orc wizards
  2 worker ants (D:4)
  A howler monkey zombie (D:7)
  12 adders
  2 river rats (D:3)
  2 shadow imps (D:6)
  An ooze (D:2)
  An adder zombie (D:8)
  An adder skeleton (D:6)
  5 worms
  A dart slug (D:2)
  5 giant geckos
  18 orcs
  12 giant cockroaches
  7 goblins
  10 hobgoblins
  22 jackals
  2 quokkas
  2 ball pythons
  5 bats
  7 giant newts
  9 kobolds
  A quokka zombie (D:7)
  7 rats
  A spectral orc (D:7)
178 creatures vanquished.

Vanquished Creatures (others)
  A slave (D:7)
  A worker ant (D:7)
  An orc (D:7)
3 creatures vanquished.

Grand Total: 181 creatures vanquished

Notes
Turn   | Place    | Note
--------------------------------------------------------------
     0 | D:1      | Arkorax the Mummy Fighter began the quest for the Orb.
     0 | D:1      | Reached XP level 1. HP: 18/18 MP: 1/1
   395 | D:1      | Reached XP level 2. HP: 24/24 MP: 2/2
  7447 | D:1      | Noticed a troll
  7488 | D:2      | Reached XP level 3. HP: 22/29 MP: 3/3
  8390 | D:2      | Reached skill level 4 in Fighting
  8427 | D:2      | Reached XP level 4. HP: 29/37 MP: 4/4
  9329 | D:3      | Reached XP level 5. HP: 28/43 MP: 5/5
 10107 | D:3      | Noticed Sigmund
 10730 | D:4      | Reached XP level 6. HP: 44/50 MP: 6/6
 10816 | D:4      | Reached skill level 5 in Fighting
 11553 | D:4      | Reached XP level 7. HP: 15/56 MP: 7/7
 11852 | D:5      | Entered Level 5 of the Dungeon
 11911 | D:5      | Noticed Duvessa
 11911 | D:5      | Noticed Dowan
 12179 | D:6      | Upgraded the game from 0.19-a0-805-g0a78ef0 to 0.19-a0-811-gf4045fb
 12194 | D:6      | Reached skill level 6 in Fighting
 12216 | D:6      | Found a shattered altar of Ashenzari.
 12226 | D:6      | Noticed Menkaure
 12236 | D:6      | Killed Menkaure
 12263 | D:6      | Found a staircase to the Ecumenical Temple.
 12302 | D:6      | Reached skill level 5 in Axes
 12317 | Temple   | Entered the Ecumenical Temple
 12352 | Temple   | Became a worshipper of Gozag Ym Sagoz the Greedy
 15177 | D:6      | Reached XP level 8. HP: 64/65 MP: 8/8
 15784 | D:7      | Noticed Pikel
 15946 | D:7      | Killed Pikel
 15946 | D:7      | Reached skill level 7 in Fighting
 16369 | D:7      | Reached skill level 8 in Fighting
 16376 | D:7      | Reached XP level 9. HP: 61/74 MP: 9/9
 16795 | D:7      | Reached skill level 5 in Shields
 16904 | D:7      | Found a basalt altar of Yredelemnul.
 17167 | D:8      | You fall through a shaft for 3 floors!
 17296 | D:11     | Noticed a cyclops
 17317 | D:11     | Demolished by a cyclops

Vault maps used:
D:1:      grunt_arrival_crossed_arrows
D:2:      first_bread
D:3:      gup_sewer_entry_spiral, tso_altar, uniq_sigmund
D:5:      hangedman_decor_opposing, uniq_grinder, uniq_duvessa
D:6:      kennysheep_mini_moat, minivault_23, uniq_menkaure
D:7:      yredelemnul_forgotten_temple_becter, uniq_pikel
D:8:      lemuel_ice_statue
D:11:     uniq_erica
Temple:   regret_index_temple_mists

Skill      XL: |  1  2  3  4  5  6  7  8  9 |
---------------+----------------------------+-----
Axes           | 2 3 4 5 6 7 |  7.2
Fighting       | 4 5 6 8 |  8.7
Shields        | 3 4 5 |  5.3
Armour         | |  2.4

Action                   |  1- 3 |  4- 6 |  7- 9 || total
-------------------------+-------+-------+-------++-------
Melee: War axe           |   155 |   136 |    69 ||   360
       Hand axe          |       |   124 |   240 ||   364
Throw: Throwing net      |     1 |     1 |       ||     2
Invok: Potion Petition   |       |       |     1 ||     1
 Stab: Distracted        |       |       |     1 ||     1
Armor: Scale mail        |    84 |   104 |   113 ||   301
       Plate armour      |       |       |    12 ||    12
Dodge: Dodged            |    63 |    93 |   103 ||   259
Block: Shield            |    80 |   137 |   164 ||   381
